 Dungeon Crawl Stone Soup version 0.29.0-13-gc9e81de378 (webtiles) character file.

Game seed: 2013096837905804766

182 Itachiuchiha the Chiller (level 5, -5/35 HPs)
             Began as a Demonspawn Ice Elementalist on Sept 10, 2022.
             Slain by Grinder (6 damage)
             ... on level 3 of the Dungeon.
             The game lasted 00:12:23 (3924 turns).

Itachiuchiha the Chiller (DsIE)                     Turns: 3924, Time: 00:12:23

Health: -5/35      AC:  8    Str:  8    XL:     5   Next: 35%
Magic:  7/10       EV: 12    Int: 18    God:
Gold:   104        SH:  0    Dex: 14    Spells: 4/11 levels left

rFire   . . .      SeeInvis .   k - +0 dagger (speed)
rCold   . . .      Faith    +   (no shield)
rNeg    . . .      Spirit   .   a - +0 robe
rPois   .          Reflect  .   (helmet restricted)
rElec   .          Harm     .   (no cloak)
rCorr   .          Rampage  .   (no gloves)
Will    .....                   (no boots)
Stlth   +.........              f - amulet of faith
HPRegen 0.11/turn               (no ring)
MPRegen 0.12/turn               (no ring)

@: brilliant, silenced, sanguine armoured
A: horns 1, powered by death 1, sanguine armour 1
a: no special abilities


You were on level 3 of the Dungeon.
You visited 1 branch of the dungeon, and saw 3 of its levels.

You collected 104 gold pieces.

Inventory:

Hand Weapons
 c - a +0 club
 k - a +0 dagger of speed (weapon)
Armour
 a - a +0 robe (worn)
Jewellery
 f - an amulet of faith (around neck)
Wands
 s - a wand of polymorph (5)
Scrolls
 e - a scroll of noise {unknown}
 h - a scroll of enchant armour {unknown}
 i - 2 scrolls of immolation {unknown}
 l - a scroll of magic mapping {unknown}
 n - 2 scrolls of identify {unknown}
 o - a scroll of poison {unknown}
 p - a scroll of blinking {unknown}
 q - a scroll of teleportation {unknown}
 r - a scroll of acquirement {unknown}
Potions
 b - a potion of magic
 j - a potion of curing {unknown}
 m - a potion of flight {unknown}


   Skills:
 - Level 1.0 Short Blades
 - Level 1.7 Dodging
 - Level 1.9 Stealth
 + Level 3.7 Spellcasting
 + Level 4.9 Ice Magic


You had 4 spell levels left.
You knew the following spells:

 Your Spells              Type           Power      Damage    Failure   Level
a - Freeze                Ice            100%       1d11      1%          1
b - Frozen Ramparts       Ice            62%        1d10      6%          3
c - Ozocubu's Armour      Ice            31%        N/A       6%          3

Your spell library contained the following spells:

 Spells                   Type           Power      Damage    Failure   Level
 Hailstorm                Conj/Ice       18%        3d6       50%         4


Dungeon Overview and Level Annotations

Branches:
Dungeon (3/15)

Altars:
Hepliaklqana

Annotations:
D:3 Grinder


Innate Abilities, Weirdness & Mutations

You have a pair of small horns on your head.
You regenerate a little health from kills.
When seriously injured, your blood forms armour. (AC +6)


Message History

Grinder resists.
The wall freezes Grinder.
Grinder closely misses you.
You closely miss Grinder. Your headbutt misses Grinder.
Grinder is lightly wounded.
Grinder completely resists.
The wall freezes Grinder but does no damage.
Grinder gestures at you.
You barely resist. You barely miss Grinder. Your headbutt misses Grinder.
Grinder is lightly wounded.
You hit Grinder. Your punch misses Grinder.
Grinder is moderately wounded.
Grinder completely resists.
The wall freezes Grinder but does no damage.
Grinder hits you but does no damage.
You hit Grinder but do no damage.
Grinder is moderately wounded.
You hit Grinder but do no damage. Your headbutt misses Grinder.
Grinder is moderately wounded.
The wall freezes Grinder but does no damage.
Grinder barely misses you.
You hit Grinder. You headbutt Grinder, but do no damage.
Grinder is moderately wounded.
The wall freezes Grinder but does no damage.
Grinder hits you.
* * * LOW HITPOINT WARNING * * *
You writhe in agony.
* * * LOW HITPOINT WARNING * * *
As you read the scroll labelled PEIXUBESUTS, it crumbles to dust.
A profound silence engulfs you.
It was a scroll of silence.
The frozen ramparts melt away.
Grinder hits you but does no damage.
Magic scrolls do not work when you're silenced!
It was a potion of brilliance.
You feel clever all of a sudden.
Okay, then.
Grinder gestures at you. You resist with significant effort.
Grinder attacks as you move away! Grinder hits you.
* * * LOW HITPOINT WARNING * * *
You writhe in agony.
You die...

#####
##...#####................#
#......##....#####.......#
#...##.#############.#####
####.........................
#.......#.#############.#####
#.#.#...#.# #.#....
#5#.###.#.# #.#.###
#.#.##..#.#############.#.##.
#.#........5@...........#.#..
#.#.###.#################.#..
#.### #.# #....
#.#####.#################.#..
#.........................#..
#######.#################.##.
#.# #..### #.# #.....
#.################....#


You could see Grinder (unsilenced).

Vanquished Creatures
  Jessica (D:3)
  Ijyb (D:3)
  3 gnolls (D:3)
  An adder (D:3)
  2 worms (D:2)
  A dart slug (D:1)
  9 orcs (D:3)
  An endoplasm (D:2)
  3 giant cockroaches
  6 goblins
  5 hobgoblins
  10 jackals
  8 kobolds
  2 quokkas
  5 ball pythons
  4 bats
  3 frilled lizards
  10 rats
75 creatures vanquished.

Vanquished Creatures (others)
  A kobold (D:3)
1 creature vanquished.

Grand Total: 76 creatures vanquished

Notes
Turn   | Place    | Note
-------+----------+-------------------------------------------
     0 | D:1      | Itachiuchiha the Demonspawn Ice Elementalist began the
                  | quest for the Orb.
     0 | D:1      | Reached XP level 1. HP: 13/13 MP: 3/3
   289 | D:1      | Reached skill level 4 in Ice Magic
   289 | D:1      | Gained mutation: You regenerate a little health from kills.
                  | [demonic ancestry]
   289 | D:1      | Reached XP level 2. HP: 19/19 MP: 0/5
  1520 | D:2      | Reached XP level 3. HP: 16/24 MP: 1/6
  1865 | D:2      | Learned a level 3 spell: Frozen Ramparts
  1869 | D:2      | Learned a level 3 spell: Ozocubu's Armour
  2308 | D:3      | Noticed Jessica
  2310 | D:3      | Killed Jessica
  2311 | D:3      | Reached skill level 1 in Short Blades
  2311 | D:3      | Gained mutation: You have a pair of small horns on your
                  | head. [demonic ancestry]
  2311 | D:3      | Reached XP level 4. HP: 30/30 MP: 6/8
  2870 | D:3      | Gained mutation: When seriously injured, your blood forms
                  | armour. (AC +6) [demonic ancestry]
  2870 | D:3      | Reached XP level 5. HP: 21/35 MP: 6/10
  3048 | D:3      | Found a hazy altar of Hepliaklqana.
  3467 | D:3      | Noticed Ijyb
  3530 | D:3      | Killed Ijyb
  3820 | D:3      | Noticed Grinder
  3852 | D:3      | Paralysed by Grinder for 3 turns
  3924 | D:3      | HP: 1/35 [Grinder (4)]
  3924 | D:3      | Slain by Grinder

Illustrated notes

Levels and vault maps discovered:
D:1:      dpeg_arrival_arbitrary_b, layout_basic, minmay_tree_intersection,
          minmay_misc_feat_four_crosses
D:2:      layout_basic
D:3:      layout_basic, pdpol_wu_jian_five_deadly_venoms, old_standard_altar,
          nzn_hepliaklqana_mist_gate, uniq_ijyb, uniq_jessica, uniq_grinder

Skill      XL: |  1  2  3  4 |
---------------+-------------+-----
Ice Magic      | 4 |  4.9
Short Blades   | 1 |  1.0
Spellcasting   | 3 |  3.7
Dodging        | |  1.7
Stealth        | |  1.9

Action                   |  1- 3 |  4- 6 || total
-------------------------+-------+-------++-------
Melee: Club              |    19 |       ||    19
       Punch             |     1 |       ||     1
       Dagger            |    50 |   108 ||   158
       Headbutt          |       |    18 ||    18
 Cast: Freeze            |    48 |     2 ||    50
       Frozen Ramparts   |     1 |     9 ||    10
       Ozocubu's Armour  |       |     9 ||     9
  Use: Scroll            |     1 |     1 ||     2
       Potion            |       |     1 ||     1
 Stab: Sleeping          |     2 |     1 ||     3
Armor: Robe              |    19 |    36 ||    55
       Skin              |       |    17 ||    17
Dodge: Dodged            |    78 |    56 ||   134
